 Dungeon Crawl Stone Soup version 0.28.0 (webtiles) character file.

Game seed: 15836901309354443233

1816 zeram the Covert (level 9, 0/56 HPs)
             Began as an Octopode Fighter on Feb 5, 2022.
             Was an Initiate of Gozag.
             Slain by a gnoll (4 damage)
             ... on level 6 of the Dungeon.
             The game lasted 00:11:18 (8127 turns).

zeram the Covert (Octopode Fighter)                 Turns: 8127, Time: 00:11:21

Health: 0/56       AC:  1    Str: 16    XL:     9   Next: 10%
Magic:  9/9        EV: 14    Int: 14    God:    Gozag
Gold:   603        SH:  5    Dex: 11    Spells: 5/8 levels left

rFire   . . .      SeeInvis .   i - +4 dagger (venom)
rCold   . . .      Faith    .   b - +0 buckler
rNeg    . . .      Spirit   .   (helmet restricted)
rPois   .          Reflect  .   (no amulet)
rElec   .          Harm     .   h - +4 ring of slaying
rCorr   .          Rampage  .   (no ring)
Will    .....                   (no ring)
Stlth   ++........              (no ring)
HPRegen 0.18/turn               (no ring)
MPRegen 0.11/turn               (no ring)
                                (no ring)
                                (no ring)

@: lit by a corona, glowing
A: almost no armour, amphibious, 8 rings, camouflage 1, gelatinous body 1,
(nimble swimmer 1), tentacles
a: Renounce Religion, Potion Petition, Call Merchant, Bribe Branch


You were on level 6 of the Dungeon.
You worshipped Gozag.
Gozag was pleased with you.
You visited 2 branches of the dungeon, and saw 7 of its levels.

You collected 653 gold pieces.
You paid 50 gold pieces to Gozag.

Inventory:

Hand Weapons
 a - a +0 rapier
 i - a +4 dagger of venom (weapon)
Missiles
 d - 4 silver boomerangs (quivered)
 v - 3 throwing nets
Armour
 b - a +0 buckler (worn)
Jewellery
 h - a +4 ring of slaying (left tentacle)
Wands
 m - a wand of flame (4)
Scrolls
 e - a scroll of fog
 k - a scroll of magic mapping
 l - 3 scrolls of torment {unknown}
 o - a scroll of blinking {unknown}
 s - a scroll of amnesia
 t - a scroll of summoning {unknown}
 u - a scroll of brand weapon {unknown}
 w - a scroll of identify
Potions
 c - a potion of might
 f - a potion of attraction
 n - 2 potions of degeneration {unknown}
 p - a potion of ambrosia {unknown}
 q - a potion of magic {unknown}
 r - 2 potions of mutation {unknown}


   Skills:
 - Level 3.0 Fighting
 + Level 6.6 Short Blades
 + Level 6.0 Dodging
 + Level 10.0 Stealth
 + Level 4.6 Shields


You had 5 spell levels left.
You knew the following spells:

 Your Spells              Type           Power      Damage    Failure   Level
a - Vampiric Draining     Necr           0%         2d6       73%         3

Your spell library contained the following spells:

 Spells                   Type           Power      Damage    Failure   Level
 Animate Skeleton         Necr           0%         N/A       36%         1
 Pain                     Necr           0%         1d4       36%         1
 Summon Small Mammal      Summ           0%         N/A       36%         1
 Call Canine Familiar     Summ           0%         N/A       73%         3
 Portal Projectile        Hex/Tloc       0%         N/A       73%         3
 Summon Guardian Golem    Hex/Summ       0%         N/A       73%         3
 Leda's Liquefaction      Hex/Erth       0%         N/A       98%         4


Dungeon Overview and Level Annotations

Branches:
Dungeon (6/15)             Temple (1/1) D:4

Altars:
Ashenzari
Cheibriados
Dithmenos
Elyvilon
Fedhas
Gozag
Hepliaklqana
Kikubaaqudgha
Makhleb
Nemelex Xobeh
Qazlal
Ru
Sif Muna
Trog
Uskayaw
Vehumet
Wu Jian
Yredelemnul
The Shining One

Shops:
D:5 :


Innate Abilities, Weirdness & Mutations

You cannot wear most types of armour.
You are amphibious.
You can wear up to eight rings at the same time.
Your skin changes colour to match your surroundings (Stealth+).
Your rubbery body absorbs attacks. (AC +1, EV +1)
((You are camouflaged when in or above water. (Stealth+)))
You have tentacles for arms and can constrict up to eight enemies at once.


Message History

You hit the gnoll. Your squeeze misses the gnoll.
The gnoll is heavily wounded.
You constrict the gnoll.
The gnoll hits you from afar with a +0 halberd.
* * * LOW HITPOINT WARNING * * *
You block the gnoll's attack. Something hits you.
* * * LOW HITPOINT WARNING * * *
You are lethally poisoned!
You feel better.
You constrict the gnoll. The gnoll hits you with a +0 whip.
* * * LOW HITPOINT WARNING * * *
The gnoll barely misses you. Something hits you.
* * * LOW HITPOINT WARNING * * *
You are poisoned.
You hit the gnoll.
The gnoll is poisoned.
The gnoll is almost dead.
You constrict the gnoll, but do no damage.
* * * LOW HITPOINT WARNING * * *
You feel sick. The gnoll barely misses you.
You puncture the gnoll!
You kill the gnoll!
You feel sick. You block the gnoll's attack.
You hear a shout!
* * * LOW HITPOINT WARNING * * *
You feel sick. Something barely misses you.
You feel sick.
You feel sick.
You feel sick.
You feel sick.
You feel sick.
You are no longer poisoned.
There is an open door here.
As you close the door, it creaks loudly!
A gnoll breaks down the door.
You puncture the orc wizard!
The orc wizard is poisoned.
You grab the orc wizard.
The orc wizard is heavily wounded.
You constrict the orc wizard, but do no damage.
The gnoll hits you from afar with a +0 halberd.
You die...
Your body crumbles into a pile of gold.

..(
#..........#
.#
#..........#
.#
#####......#
.# #......#
.# #......#
... #......#
. #...g..#
#.##o###
#..)@.#
##....#
#....#
######
#....#
.#...#
#....#
.#...#
##....#
.#...#
#.....#
.#...#
#.....#
##..##
###'####


You could see an orc wizard (very poisoned) and a gnoll.

Vanquished Creatures
  Grinder (D:5)
  Eustachio (D:5)
  Menkaure (D:6)
  A black bear (D:5)
  A necrophage (D:6)
  An ogre (D:6)
  Blork the orc (D:4)
  2 scorpions
  A bullfrog zombie (D:5)
  A centaur skeleton (D:6)
  2 jellies (D:5)
  3 hounds
  3 orc priests
  2 gnoll shamans
  An iguana (D:6)
  Ijyb (D:5)
  Natasha (thrice) (D:4)
  4 orc wizards
  A hound zombie (D:5)
  Robin (D:4)
  14 gnolls
  6 adders
  A white imp (D:6)
  An ufetubus (D:4)
  2 worms
  2 dart slugs
  18 orcs
  4 ball pythons (D:1)
  4 endoplasms
  5 giant cockroaches
  16 goblins
  8 hobgoblins
  4 jackals (D:1)
  4 kobolds
  4 quokkas
  5 bats
  4 frilled lizards (D:1)
  5 rats
139 creatures vanquished.

Notes
Turn   | Place    | Note
-------+----------+-------------------------------------------
     0 | D:1      | zeram the Octopode Fighter began the quest for the Orb.
     0 | D:1      | Reached XP level 1. HP: 16/16 MP: 1/1
   222 | D:1      | Reached XP level 2. HP: 21/21 MP: 2/2
   392 | D:1      | Found a faded altar of an unknown god.
   423 | D:1      | Reached skill level 1 in Stealth
   425 | D:1      | Reached XP level 3. HP: 13/26 MP: 3/3
  1080 | D:2      | Reached skill level 2 in Stealth
  1136 | D:2      | Reached XP level 4. HP: 30/31 MP: 4/4
  2540 | D:4      | Noticed Blork the orc
  2546 | D:4      | Reached skill level 3 in Stealth
  2553 | D:4      | Killed Blork the orc
  2554 | D:4      | Reached skill level 4 in Stealth
  2554 | D:4      | Reached XP level 5. HP: 8/36 MP: 5/5
  3148 | D:4      | Reached skill level 5 in Stealth
  3148 | D:4      | Reached XP level 6. HP: 23/42 MP: 6/6
  3371 | D:4      | Noticed Natasha
  3378 | D:4      | Killed Natasha
  3383 | D:4      | Found a staircase to the Ecumenical Temple.
  3391 | D:4      | Noticed Robin
  3404 | Temple   | Entered the Ecumenical Temple
  3641 | Temple   | Became a worshipper of Gozag Ym Sagoz the Greedy
  4061 | D:4      | Killed Robin
  4413 | D:4      | Noticed Natasha
  4423 | D:4      | Killed Natasha
  4424 | D:4      | Reached skill level 6 in Stealth
  4548 | D:4      | Noticed Natasha
  4558 | D:4      | Killed Natasha
  4616 | D:5      | Entered Level 5 of the Dungeon
  4627 | D:5      | Reached XP level 7. HP: 18/46 MP: 7/7
  4837 | D:5      | Learned a level 3 spell: Vampiric Draining
  4979 | D:5      | Noticed Ijyb
  4984 | D:5      | Killed Ijyb
  5095 | D:5      | Noticed Grinder
  5098 | D:5      | Killed Grinder
  5099 | D:5      | Reached skill level 5 in Short Blades
  5099 | D:5      | Reached skill level 7 in Stealth
  5649 | D:5      | Found Gojuppet's Book Boutique.
  5654 | D:5      | Reached skill level 5 in Dodging
  5654 | D:5      | Reached XP level 8. HP: 52/52 MP: 8/8
  5665 | D:5      | Noticed Eustachio
  5671 | D:5      | Killed Eustachio
  6057 | D:5      | Reached skill level 8 in Stealth
  7063 | D:5      | Reached skill level 9 in Stealth
  8038 | D:6      | Noticed Menkaure
  8043 | D:6      | Killed Menkaure
  8044 | D:6      | Reached XP level 9. HP: 53/56 MP: 9/9
  8103 | D:6      | Reached skill level 10 in Stealth
  8112 | D:6      | HP: 2/56 [poisoned by an orc wizard]
  8127 | D:6      | Slain by a gnoll

Illustrated notes

Levels and vault maps discovered:
D:1:      sevenhm_arrival_forest_fort_large_4, layout_basic,
          shapermc_ecumenical_altar_totnotflames, chequers_serial_rivers_small_3
D:2:      layout_loops_cross, minmay_hedge_maze, minivault_23,
          nrook_loot_triangle
D:3:      layout_loops_cross, minivault_19
D:4:      layout_basic, minmay_temple_entry_arrows, uniq_blork_the_orc,
          uniq_robin, uniq_natasha
D:5:      layout_layer_cave, nicolae_inconvenience_store, uniq_ijyb,
          uniq_grinder, uniq_eustachio
D:6:      layout_gridville, glass_columns_c, uniq_menkaure
Temple:   mainiacjoe_temple_bowtie_tessellation

Skill      XL: |  1  2  3  4  5  6  7  8  9 |
---------------+----------------------------+-----
Stealth        | 1 2 4 5 6 7 9 10 | 10.0
Short Blades   | 3 4 5 6 |  6.6
Dodging        | 4 5 6 |  6.0
Shields        | 4 |  4.6
Fighting       | |  3.0

Action                   |  1- 3 |  4- 6 |  7- 9 || total
-------------------------+-------+-------+-------++-------
Melee: Rapier            |    63 |    77 |       ||   140
       Tentacles         |    17 |    21 |    30 ||    68
       Constrict         |    10 |    22 |    38 ||    70
       Punch             |     1 |     3 |     2 ||     6
       Dagger            |       |    17 |   128 ||   145
  Use: Scroll            |     2 |     8 |     2 ||    12
       Potion            |       |     1 |     4 ||     5
 Stab: Sleeping          |    10 |     9 |     7 ||    26
       Distracted        |       |     1 |     2 ||     3
Armor: Skin              |     4 |     3 |     3 ||    10
Dodge: Dodged            |    39 |    62 |    64 ||   165
Block: Buckler           |    11 |    26 |    20 ||    57
